Map: Lerilak Crest

Players

Marginal

  • Race: Zerg Zerg
  • League: Silver

Grumm - Winner!

  • Race: Protoss Protoss
  • League: Gold

VOD

Have the link to the VOD?

Description

Time

  • Played on: Jan. 29, 2016, 6:36 p.m.
  • Length: 7:02
Show
View Real Time Build Order
Export as new Build Order

Marginal Zerg 

Build Orders: Hatch First 

Get SALT Encoding   

  12  0:01  Drone  
  13  0:12  Overlord  
  13  0:18  Drone  
  14  0:30  Drone  
  14  0:31  Drone  
  16  0:37  Drone  
  17  0:57  Hatchery  
  17  1:01  Drone x2  
  18  1:06  Extractor  
  17  1:20  Spawning Pool  
  17  1:23  Drone  
  17  1:32  Drone  
  18  1:42  Drone  
  18  1:43  Overlord  
  19  1:51  Drone  
  19  2:08  Queen  
  19  2:09  Queen  
  23  2:18  Metabolic Boost  
  23  2:20  Zergling x4  
  25  2:23  Drone  
  26  2:32  Drone  
  26  2:33  Drone x2  
  29  2:38  Zergling x2  
  29  2:42  Drone  
  31  2:47  Drone  
  32  2:52  Drone  
  32  2:55  Drone  
  34  3:02  Overlord  
  34  3:10  Drone  
  34  3:18  Zergling x4  
  35  3:24  Zergling x2  
  35  3:25  Drone x3  
  35  3:26  Drone x2  
  40  3:32  Queen  
  33  3:43  Drone x3  
  36  3:54  Zergling x6  
  36  3:55  Zergling x2  
  39  3:56  Drone  
  38  4:04  Zergling x4  
  37  4:19  Zergling x4  
  37  4:29  Zergling x2  
  37  4:34  Roach Warren  
  34  4:38  Spine Crawler  
  34  4:41  Zergling x2  
  34  4:42  Zergling x4  
  34  4:46  Zergling x8  
  34  4:47  Zergling x2  
  34  4:48  Queen  
  40  4:56  Drone  
  40  4:57  Drone  
  42  5:03  Zergling x2  
  42  5:06  Drone x2  
  44  5:08  Overlord x2  
  44  5:28  Drone x3  
  46  5:29  Drone  
  48  5:42  Roach x5  
  54  5:45  Spine Crawler  
  53  5:56  Roach x3  
  51  6:13  Roach x3  
  53  6:18  Extractor  
  50  6:32  Zergling x12  
Show
View Real Time Build Order
Export as new Build Order

Grumm Protoss - Winner!

Build Orders:  

Get SALT Encoding   

  12  0:01  Probe (Chrono Boost)  
  13  0:12  Probe (Chrono Boost)  
  14  0:20  Pylon  
  14  0:25  Probe (Chrono Boost)  
  15  0:38  Probe (Chrono Boost)  
  15  0:40  Gateway  
  16  0:49  Probe (Chrono Boost)  
  17  0:58  Gateway  
  17  1:00  Probe (Chrono Boost)  
  18  1:06  Assimilator  
  19  1:11  Probe (Chrono Boost)  
  19  1:27  Zealot  
  21  1:35  Cybernetics Core  
  21  1:54  Nexus  
  21  2:02  Pylon  
  21  2:20  Adept (Chrono Boost), Warp Gate  
  21  2:21  Adept (Chrono Boost)  
  25  2:28  Probe  
  26  2:45  Forge  
  26  2:47  Pylon  
  28  2:55  Zealot (Chrono Boost)  
  28  2:56  Zealot (Chrono Boost)  
  30  3:05  Mothership Core  
  32  3:33  Probe  
  36  3:34  Probe, Zealot (Chrono Boost)  
  36  3:38  Zealot (Chrono Boost)  
  38  3:43  Probe  
  38  3:44  Robotics Facility  
  38  3:46  Probe  
  36  4:02  Probe  
  37  4:03  Protoss Ground Weapons Level 1 (Chrono Boost)  
  37  4:04  Probe  
  38  4:13  Assimilator  
  38  4:14  Probe  
  38  4:16  Probe  
  40  4:18  Gateway  
  36  4:26  Probe  
  36  4:28  Pylon  
  35  4:36  Zealot x2  
  39  4:39  Probe x2  
  41  4:56  Immortal (Chrono Boost)  
  41  5:07  Zealot  
  41  5:08  Zealot  
  41  5:13  Probe x2  
  47  5:15  Stalker  
  49  5:25  Probe  
  50  5:29  Pylon  
  50  5:30  Stargate  
  50  5:33  Assimilator, Probe  
  51  5:37  Zealot  
  51  5:41  Zealot  
  51  5:42  Sentry  
  57  6:15  Stalker, Probe  
  57  6:16  Stalker x2  
  52  6:46  Stalker x2  
  56  6:47  Stalker  
  59  6:59  Gateway  
  59  7:02  Gateway  
Tags
 
Add a new tag
Caveats
  • Supply blocks, unpowered buildings, or Contaminate may cause inaccurate times.
  • Supply counts are checked every 10 seconds.